Map: Acid Plant LE

Players

Scarlett

  • Race: Zerg Zerg
  • Spawn Location: 11:00

uThermaL - Winner!

  • Race: Terran Terran
  • Spawn Location: 5:00

Event: WCS Montreal 2018

VOD

Have the link to the VOD?

Description

Time

  • Played on: Sept. 7, 2018, 8:37 p.m.
  • Length: 13:52

All games in this series

Show
View Real Time Build Order
Export as new Build Order

Scarlett Zerg 

Build Orders: Hatch First 

Get SALT Encoding   

  12  0:00  Drone  
  13  0:12  Overlord  
  13  0:17  Drone  
  14  0:31  Drone x2  
  16  0:47  Hatchery  
  15  0:51  Drone  
  15  0:55  Drone  
  17  0:58  Drone  
  18  1:10  Extractor  
  17  1:13  Spawning Pool  
  17  1:17  Drone  
  17  1:20  Drone  
  18  1:28  Drone  
  19  1:39  Drone  
  20  1:50  Overlord  
  20  1:59  Queen  
  20  2:00  Queen  
  20  2:01  Zergling x4  
  26  2:11  Metabolic Boost  
  26  2:14  Drone x2  
  28  2:21  Drone  
  28  2:22  Drone  
  30  2:30  Extractor  
  30  2:31  Drone  
  30  2:34  Drone  
  31  2:37  Queen  
  31  2:44  Overlord, Drone  
  35  2:52  Extractor  
  35  2:57  Drone x2  
  36  3:07  Drone  
  36  3:08  Drone x4  
  42  3:15  Extractor  
  42  3:16  Drone  
  43  3:20  Hatchery  
  43  3:23  Overlord  
  42  3:28  Drone  
  43  3:35  Drone  
  43  3:36  Overlord  
  43  3:39  Extractor  
  43  3:41  Drone  
  43  3:45  Queen  
  43  3:46  Overlord  
  43  3:48  Drone x3  
  51  3:50  Drone  
  52  3:55  Roach Warren  
  52  3:56  Drone  
  52  3:58  Lair  
  52  3:59  Drone x2  
  52  4:01  Drone  
  53  4:05  Extractor  
  53  4:06  Drone  
  53  4:14  Zergling x4  
  55  4:18  Drone x5  
  55  4:20  Zergling x2  
  61  4:34  Queen  
  61  4:36  Roach x4  
  71  4:43  Roach  
  56  5:07  Drone x11  
  53  5:14  Drone  
  53  5:15  Queen  
  53  5:18  Drone x2  
  53  5:21  Drone  
  56  5:23  Drone  
  57  5:33  Glial Reconstitution  
  57  5:36  Drone x2  
  57  5:37  Evolution Chamber x2  
  57  5:38  Overseer  
  57  5:39  Drone  
  57  5:40  Drone x2  
  60  5:43  Drone  
  60  5:44  Drone  
  60  5:47  Overlord  
  60  5:49  Drone  
  63  5:53  Drone  
  63  5:54  Drone x2  
  66  5:59  Overlord  
  66  6:04  Queen  
  66  6:06  Drone x3  
  66  6:08  Zerg Ground Armor Level 1  
  66  6:10  Zerg Missile Weapons Level 1  
  71  6:12  Drone x2  
  71  6:18  Drone x4  
  77  6:21  Extractor, Roach  
  77  6:22  Extractor  
  77  6:24  Overlord x2  
  77  6:28  Extractor, Drone x2  
  77  6:30  Roach  
  77  6:32  Overlord, Roach  
  82  6:40  Overlord x2  
  82  6:46  Hatchery  
  81  6:49  Overlord x2  
  81  6:52  Ravager  
  81  6:53  Ravager x2  
  84  6:55  Drone x3  
  84  6:57  Baneling Nest  
  84  6:58  Drone x2  
  84  6:59  Drone  
  89  7:05  Drone x2  
  89  7:06  Drone  
  89  7:07  Drone  
  93  7:11  Drone  
  93  7:14  Hatchery  
  93  7:15  Roach x2  
  97  7:19  Roach x2  
  101  7:24  Drone  
  101  7:25  Drone x4  
  106  7:32  Zergling x2  
  106  7:34  Roach x4  
  115  7:39  Centrifical Hooks  
  115  7:41  Drone x3  
  118  7:48  Drone x5  
  123  7:58  Roach x4  
  131  8:00  Roach x2  
  131  8:03  Roach  
  131  8:04  Zerg Ground Armor Level 2  
  137  8:07  Zerg Melee Weapons Level 1  
  137  8:08  Zergling x4  
  137  8:12  Zergling x6  
  142  8:17  Zergling x4  
  142  8:18  Hatchery  
  143  8:26  Overlord x7  
  143  8:34  Zergling x2  
  143  8:35  Zergling x8  
  148  8:41  Zergling x4  
  148  8:47  Zergling x12  
  148  8:48  Zergling x2  
  157  8:55  Zergling x6  
  160  8:58  Ravager x10  
  160  8:59  Zergling x2  
  160  9:00  Zergling x6  
  160  9:01  Ravager x2  
  176  9:04  Zergling x2  
  176  9:09  Zergling x18  
  186  9:11  Baneling x21  
  186  9:12  Baneling x13  
  186  9:14  Baneling  
  186  9:15  Zergling x10  
  191  9:22  Zergling x2  
  192  9:24  Overseer  
  192  9:25  Zergling x8  
  192  9:28  Baneling x10  
  190  9:42  Overseer  
  180  9:52  Zergling x2  
  180  9:53  Zergling x34  
  180  9:56  Baneling  
  180  9:57  Baneling x17  
  197  10:02  Zergling x6  
  200  10:09  Infestation Pit  
  200  10:10  Extractor  
  200  10:11  Extractor  
  189  10:33  Zerg Missile Weapons Level 2, Zerg Melee Weapons Level 2  
  189  10:35  Spire  
  188  10:49  Overlord  
  188  10:56  Zergling x14  
  188  10:57  Zergling x8  
  199  10:59  Spore Crawler, Spine Crawler  
  199  11:00  Spore Crawler  
  199  11:01  Baneling x17  
  199  11:02  Baneling  
  196  11:13  Spore Crawler  
  195  11:22  Zergling x16  
  195  11:23  Zergling x4  
  199  11:26  Extractor  
  199  11:28  Hive  
  199  11:29  Extractor  
  170  11:40  Zergling x30  
  175  11:51  Mutalisk  
  175  11:52  Mutalisk x7  
  191  11:54  Zergling x8  
  191  11:55  Zergling x4  
  197  12:04  Zergling x2  
  197  12:05  Zergling x10  
  197  12:07  Baneling x12  
  175  12:23  Zergling x28  
  175  12:25  Zergling x2  
  175  12:26  Zergling x6  
  175  12:29  Baneling  
  192  12:30  Baneling x5  
  192  12:31  Baneling x25  
  192  12:32  Baneling  
  192  12:35  Zergling x14  
  192  12:36  Zergling x2  
  200  12:38  Baneling x6  
  200  12:39  Baneling  
  200  12:48  Baneling x10  
  200  12:59  Baneling x10  
  135  13:24  Zergling x36  
  135  13:26  Zergling x16  
Show
View Real Time Build Order
Export as new Build Order

uThermaL Terran - Winner!

Build Orders: Gas First Reaper Expand, Liberator Opening, Reaper Expand, Bio Tank 

Get SALT Encoding   

  12  0:01  SCV  
  13  0:13  SCV  
  14  0:17  Supply Depot  
  14  0:25  SCV  
  14  0:27  Refinery  
  15  0:38  SCV  
  16  0:44  Barracks  
  16  0:50  SCV  
  17  1:03  SCV  
  18  1:15  SCV  
  19  1:31  Reaper  
  19  1:32  Orbital Command  
  20  1:43  Command Center  
  20  1:54  Factory  
  20  1:58  SCV  
  21  2:05  Barracks Reactor  
  21  2:10  SCV  
  21  2:13  Supply Depot  
  22  2:17  Refinery  
  22  2:22  SCV  
  23  2:35  SCV  
  24  2:38  Hellion  
  24  2:42  Starport, Marine  
  27  2:45  Marine  
  27  2:48  SCV  
  29  2:56  Orbital Command  
  29  3:00  SCV  
  30  3:09  Cyclone  
  33  3:13  Marine  
  33  3:18  Marine  
  35  3:23  Medivac  
  35  3:25  SCV  
  38  3:27  SCV  
  38  3:37  SCV  
  38  3:40  Supply Depot  
  39  3:43  SCV  
  39  3:45  Liberator  
  39  3:48  Hellion x2  
  44  3:50  SCV  
  45  4:02  SCV x2  
  50  4:05  Supply Depot  
  50  4:09  Hellion x2  
  54  4:10  Barracks Tech Lab  
  54  4:23  Supply Depot  
  54  4:27  SCV x2  
  54  4:29  Command Center  
  54  4:31  Marine  
  57  4:39  SCV x2  
  57  4:42  Supply Depot  
  59  4:48  Marine  
  59  4:50  Starport Reactor  
  59  4:51  Stimpack, SCV x2  
  61  5:03  SCV x2  
  61  5:04  Factory Tech Lab  
  51  5:14  Marine  
  51  5:15  SCV x2  
  51  5:17  Refinery x2, Liberator  
  51  5:18  Engineering Bay x2  
  47  5:21  Bunker  
  47  5:24  Siege Tank  
  47  5:27  SCV x2  
  52  5:29  Viking  
  52  5:32  Marine  
  58  5:40  SCV  
  59  5:43  Orbital Command  
  59  5:48  SCV  
  59  5:49  Marine  
  58  5:52  SCV  
  60  6:00  Siege Tank, SCV  
  60  6:04  Terran Infantry Weapons Level 1, SCV  
  64  6:05  Terran Infantry Armor Level 1  
  65  6:12  SCV x2  
  65  6:16  Barracks  
  67  6:18  Barracks  
  67  6:21  Marine  
  67  6:22  Orbital Command  
  67  6:23  SCV, Barracks  
  67  6:24  Barracks  
  67  6:25  Starport Reactor  
  69  6:26  SCV  
  69  6:32  Siege Tank  
  73  6:35  SCV  
  73  6:38  SCV  
  73  6:39  Marine  
  76  6:40  Barracks  
  75  6:47  SCV  
  75  6:48  SCV  
  75  6:50  SCV  
  78  6:54  Combat Shield  
  78  6:59  SCV  
  78  7:01  SCV  
  80  7:03  SCV  
  80  7:04  Siege Tank  
  80  7:05  Armory, Barracks Reactor  
  80  7:06  Barracks Reactor  
  80  7:08  Refinery, Supply Depot  
  84  7:11  Refinery, SCV, Marine x4  
  84  7:12  Medivac  
  84  7:13  SCV  
  84  7:15  Supply Depot, SCV  
  93  7:22  Supply Depot  
  93  7:23  Supply Depot  
  93  7:26  Factory  
  93  7:29  SCV x2, Marine x3  
  98  7:31  Medivac  
  98  7:35  SCV  
  98  7:37  Marine x3  
  101  7:39  Supply Depot  
  101  7:41  SCV  
  101  7:42  Marine x2  
  107  7:49  Supply Depot, SCV, Marine x2, Medivac  
  113  7:52  Siege Tank  
  113  7:55  Barracks Reactor  
  113  7:56  SCV  
  113  7:58  SCV, Terran Vehicle Weapons Level 1  
  117  7:59  Marine x3  
  117  8:01  Marine  
  117  8:04  Supply Depot, Marine  
  124  8:07  Missile Turret x2  
  124  8:08  Marine  
  124  8:11  Terran Infantry Weapons Level 2  
  125  8:14  Marine, Factory Tech Lab  
  125  8:15  Missile Turret  
  125  8:16  Terran Infantry Armor Level 2  
  124  8:20  Marine x2  
  124  8:23  Marine x2  
  124  8:24  Marine x2  
  124  8:25  Marine  
  124  8:27  Sensor Tower  
  131  8:29  Marine  
  131  8:32  Marine, Medivac  
  133  8:34  Supply Depot  
  133  8:35  Marine x2  
  133  8:36  Siege Tank  
  138  8:41  Marine  
  138  8:43  Medivac  
  138  8:45  Supply Depot  
  141  8:50  Siege Tank, Marine x2  
  141  8:51  Marine  
  147  8:58  Marine  
  147  8:59  Marine  
  147  9:00  Command Center  
  149  9:02  Supply Depot  
  149  9:04  Marine x2  
  149  9:05  Marine, Medivac  
  149  9:07  Marine  
  149  9:09  Marine  
  156  9:12  Siege Tank  
  156  9:13  Marine  
  156  9:14  Unknown  
  156  9:16  Marine  
  161  9:17  Supply Depot  
  161  9:18  Marine  
  161  9:22  Marine x2  
  164  9:25  Marine  
  164  9:27  Marine  
  164  9:30  Siege Tank  
  169  9:32  Marine  
  169  9:37  Marine x2  
  172  9:44  Siege Tank  
  172  9:47  Medivac  
  172  9:49  Marine x2  
  172  9:52  Marine  
  169  9:54  Marine  
  169  9:56  Marine x2  
  169  9:57  Supply Depot  
  169  9:58  Marine  
  169  9:59  Command Center  
  173  10:07  Supply Depot  
  173  10:15  Marine x3  
  173  10:19  Siege Tank x2, Marine x2  
  181  10:25  Marine  
  181  10:28  Marine  
  180  10:32  Marine x4  
  180  10:35  Terran Infantry Weapons Level 3  
  181  10:42  Marine x2  
  183  10:43  Terran Infantry Armor Level 3  
  183  10:46  Supply Depot  
  183  10:51  Siege Tank x2  
  189  11:04  Supply Depot  
  189  11:08  Marine x3  
  192  11:14  Terran Vehicle Weapons Level 2  
  192  11:15  Marine  
  192  11:18  Marine  
  192  11:19  Marine  
  192  11:23  Siege Tank x2, Orbital Command  
  200  11:36  Marine x2  
  177  11:42  Marine  
  177  11:43  Marine x2  
  177  11:46  Marine  
  180  11:48  Marine  
  181  11:55  Sensor Tower, Siege Tank  
  184  12:05  Marine  
  184  12:06  Marine  
  179  12:23  Marine  
  179  12:24  Marine  
  179  12:27  Siege Tank, Planetary Fortress  
  183  12:30  Command Center  
  183  12:31  Marine x2  
  185  12:40  Marine x2  
  185  12:41  Factory Tech Lab  
  185  12:42  Factory  
  185  12:43  Marine  
  185  12:44  Refinery  
  188  12:46  Marine  
  188  12:47  Marine  
  188  12:48  Marine x2  
  188  12:49  Refinery, Marine  
  188  12:50  Refinery, Marine x2  
  188  12:51  Marine  
  196  12:52  Missile Turret  
  196  12:54  Missile Turret  
  196  12:58  Marine  
  191  12:59  Siege Tank  
  191  13:02  Marine x2  
  191  13:04  Siege Tank, Marine x2  
  195  13:06  Marine  
  195  13:10  Marine  
  171  13:26  Marine x3  
  142  13:27  Marine  
Tags
 
Add a new tag
Caveats
  • Supply blocks, unpowered buildings, or Contaminate may cause inaccurate times.
  • Supply counts are checked every 10 seconds.